 Dungeon Crawl Stone Soup version 0.21.0-34-g9234887 (webtiles) character file.

168 tidbits the Insei (level 5, 1/41 HPs)
             Began as a Gnoll Transmuter on Jan 30, 2018.
             Quit the game on level 6 of the Dungeon.
             The game lasted 00:08:06 (756 turns).

tidbits the Insei (Gnoll Transmuter)                 Turns: 756, Time: 00:08:06

Health: 1/41       AC:  2    Str: 12    XL:     5   Next: 49%
Magic:  2/12       EV: 24    Int: 17    God:
Gold:   123        SH:  0    Dex: 20    Spells: 8/14 levels left

rFire    . . .     SeeInvis .     - Unarmed
rCold    . . .     Gourm    .   (shield currently unavailable)
rNeg     . . .     Faith    .   (armour currently unavailable)
rPois    x         Spirit   .   (helmet currently unavailable)
rElec    .         Reflect  .   (cloak currently unavailable)
rCorr    +         Harm     .   (gloves currently unavailable)
MR       .....                  (boots currently unavailable)
Stlth    ++........             (no amulet)
HPRegen  0.13/turn              K - ring of resist corrosion
MPRegen  0.13/turn              (no ring)

@: lethally poisoned (1 -> -22), spider-form (expiring)
A: tiny, distributed training, strong nose
a: End Transformation


You were on level 6 of the Dungeon.
You were not hungry.
You were a venomous arachnid creature.
You visited 1 branch of the dungeon, and saw 6 of its levels.

You collected 123 gold pieces.

Inventory:

Hand Weapons
 f - a +0 dagger
Missiles
 a - 7 arrows
 e - 10 poisoned needles
Armour
 B - a +0 robe (melded)
 E - a +2 helmet (melded)
Jewellery
 K - a ring of resist corrosion (left front leg)
   (You found it on level 2 of the Dungeon)
Wands
 b - a wand of polymorph (10)
Scrolls
 g - 3 scrolls of enchant armour
 l - a scroll of remove curse {unknown}
 m - 2 scrolls of fog
 n - a scroll of amnesia {unknown}
Potions
 k - a potion of resistance
 o - a potion of flight
Books
 d - a book of Changes

   Spells                             Type                      Level
   a - Beastly Appendage              Transmutation                1
   b - Sticks to Snakes               Transmutation                2
   c - Spider Form                    Transmutation/Poison         3
   d - Ice Form                       Ice/Transmutation            4
   e - Blade Hands                    Transmutation                5
Comestibles
 c - 8 rations


   Skills:
 + Level 3.0 Fighting
 + Level 1.4 Short Blades
 + Level 1.4 Long Blades
 + Level 1.4 Axes
 + Level 1.4 Maces & Flails
 + Level 1.4 Polearms
 + Level 1.4 Staves
 + Level 1.4 Slings
 + Level 1.4 Bows
 + Level 1.4 Crossbows
 + Level 1.4 Throwing
 + Level 1.4 Armour
 + Level 4.8 Dodging
 + Level 1.4 Stealth
 + Level 1.4 Shields
 + Level 6.7 Unarmed Combat
 + Level 5.2 Spellcasting
 + Level 1.1 Conjurations
 + Level 1.1 Hexes
 + Level 1.1 Charms
 + Level 1.1 Summonings
 + Level 1.1 Necromancy
 + Level 1.1 Translocations
 + Level 3.9 Transmutations
 + Level 1.1 Fire Magic
 + Level 1.1 Ice Magic
 + Level 1.1 Air Magic
 + Level 1.1 Earth Magic
 + Level 1.1 Poison Magic
 + Level 1.6 Invocations
 + Level 1.4 Evocations


You had 8 spell levels left.
You knew the following spells:

 Your Spells              Type           Power        Failure   Level  Hunger
e - Beastly Appendage     Tmut           ###...       10%         1    None
k - Sticks to Snakes      Tmut           ###.....     13%         2    #......
p - Spider Form           Tmut/Pois      ##........   32%         3    ###....


Dungeon Overview and Level Annotations

Branches:
Dungeon (6/15)
 Temple: D:4-7

Altars:
Dithmenos
Hepliaklqana
Yredelemnul


Innate Abilities, Weirdness & Mutations

Your experience applies equally to all skills.
((You have very sharp teeth.))
Your uncanny sense of smell can sniff out nearby items.


Message History

You kill the worker ant!
You have reached level 5!
Things that are here:
10 gold pieces; a worker ant corpse You now have 123 gold pieces (gained 10).
Your transformation is almost over.
Your transformation has ended.
Your +2 helmet unmelds from your body.
Your +0 robe unmelds from your body.
A phantom comes into view.
Your magical contamination has completely faded away.
Casting: Spider Form
Confirm with . or Enter, or press ? or * to list all spells.
You turn into a venomous arachnid creature.
Your +2 helmet melds into your body.
Your +0 robe melds into your body.
The phantom hits you!
The phantom blinks!
The phantom blinks!
Casting: Spider Form
Confirm with . or Enter, or press ? or * to list all spells.
You create a snake!
You now have 7 arrows.
The phantom barely misses your ball python.
The phantom closely misses you.
Your ball python misses the phantom.
You hit the phantom but do no damage. The phantom hits you.
Your ball python bites the phantom.
You barely miss the phantom.
The phantom is lightly damaged.
The phantom hits you!
* * * LOW HITPOINT WARNING * * *
Your ball python misses the phantom.
You bite the phantom!
The phantom is moderately damaged.
Your ball python closely misses the phantom.
The phantom hits you!
* * * LOW HITPOINT WARNING * * *
You barely miss the phantom.
The phantom is moderately damaged.
Your ball python bites the phantom.
The phantom misses you.
It was a potion of resistance.
You feel protected.
Your ball python closely misses the phantom.
The phantom hits you!
* * * LOW HITPOINT WARNING * * *
It was a potion of cancellation.
Your magical effects are unravelling.
You feel magically purged.
Your transformation has ended.
Your +2 helmet unmelds from your body.
Your +0 robe unmelds from your body.
Your resistance to elements expires.
Your ball python bites the phantom.
The phantom misses you.
It was a potion of curing.
You feel better.
Your ball python bites the phantom but does no damage.
The phantom hits you.
* * * LOW HITPOINT WARNING * * *
Your ball python bites the phantom.
Your ball python closely misses the phantom.
The phantom closely misses your ball python.
Your ball python bites the phantom but does no damage.
The phantom blinks!
There is a stone staircase leading down here.
You climb downwards.
There is a stone staircase leading up here.
Unknown command.
Casting: Sticks to Snakes
Confirm with . or Enter, or press ? or * to list all spells.
You turn into a venomous arachnid creature.
Your +2 helmet melds into your body.
Your +0 robe melds into your body.
A water moccasin comes into view.
The water moccasin hisses angrily.
A crimson imp comes into view.
The helpless howler monkey fails to defend itself.
You bite the howler monkey!
The howler monkey is poisoned.
The howler monkey is severely wounded.
The howler monkey closely misses you.
The crimson imp shouts!
You hit the howler monkey.
The howler monkey is almost dead.
You kill the howler monkey!
Your Fighting skill increases to level 3!
You barely miss the water moccasin.
Your transformation is almost over.
The water moccasin completely misses you.
You bite the water moccasin!
The water moccasin is poisoned.
The water moccasin is moderately wounded.
The water moccasin bites you!
* * * LOW HITPOINT WARNING * * *
You are lethally poisoned!
The water moccasin poisons you!
The water moccasin completely misses you.
The crimson imp blinks!
A bullfrog comes into view.
Unknown command.
Okay, then.
Okay, then.
As you read the scroll labeled BUWUWIDETI, it crumbles to dust.
You hear a loud clanging noise!
It was a scroll of noise.
* * * LOW HITPOINT WARNING * * *
You feel sick.
The bullfrog gives a loud, deep croak!
You hear a shout!
The water moccasin completely misses you.
Are you sure you want to abandon this character and quit the game? (Confirm with "yes".)

########
#......#
#......#
#......#
#...<..#
#......#
####......#####
...............
...5...s.......
#......S.......
#..............
#..............
#......ยง.......
...............
.........F#####
..........#


You could see a water moccasin, a bullfrog and a crimson imp.

Vanquished Creatures
  A howler monkey (D:6)
  3 worker ants (D:5)
  3 adders
  An ooze (D:2)
  A dart slug (D:2)
  2 leopard geckos
  3 giant cockroaches
  4 hobgoblins
  5 kobolds
  A quokka (D:2)
  2 bats
  2 frilled lizards (D:2)
  A goblin (D:2)
  4 rats
33 creatures vanquished.

Vanquished Creatures (collateral kills)
  An adder zombie (D:5)
1 creature vanquished.

Grand Total: 34 creatures vanquished

Notes
Turn   | Place    | Note
-------+----------+-------------------------------------------
     0 | D:1      | tidbits the Gnoll Transmuter began the quest for the Orb.
     0 | D:1      | Reached XP level 1. HP: 17/17 MP: 6/6
    87 | D:2      | Reached XP level 2. HP: 12/23 MP: 5/7
    91 | D:2      | Learned a level 2 spell: Sticks to Snakes
   200 | D:2      | Reached skill level 5 in Spellcasting
   200 | D:2      | Reached XP level 3. HP: 23/28 MP: 4/9
   207 | D:2      | Learned a level 3 spell: Spider Form
   268 | D:2      | Reached skill level 1 in Invocations
   271 | D:2      | Found a shadowy altar of Dithmenos.
   277 | D:2      | Found a hazy altar of Hepliaklqana.
   441 | D:3      | Reached skill level 1 in Short Blades
   441 | D:3      | Reached skill level 1 in Long Blades
   441 | D:3      | Reached skill level 1 in Axes
   441 | D:3      | Reached skill level 1 in Maces & Flails
   441 | D:3      | Reached skill level 1 in Polearms
   441 | D:3      | Reached skill level 1 in Staves
   441 | D:3      | Reached skill level 1 in Slings
   441 | D:3      | Reached skill level 1 in Bows
   441 | D:3      | Reached skill level 1 in Crossbows
   441 | D:3      | Reached skill level 1 in Throwing
   441 | D:3      | Reached skill level 1 in Armour
   441 | D:3      | Reached skill level 1 in Stealth
   441 | D:3      | Reached skill level 1 in Shields
   441 | D:3      | Reached skill level 1 in Evocations
   441 | D:3      | Reached XP level 4. HP: 15/34 MP: 6/11
   503 | D:4      | Found a basalt altar of Yredelemnul.
   548 | D:5      | Entered Level 5 of the Dungeon
   612 | D:5      | Reached skill level 1 in Conjurations
   612 | D:5      | Reached skill level 1 in Hexes
   612 | D:5      | Reached skill level 1 in Charms
   612 | D:5      | Reached skill level 1 in Summonings
   612 | D:5      | Reached skill level 1 in Necromancy
   612 | D:5      | Reached skill level 1 in Translocations
   612 | D:5      | Reached skill level 1 in Fire Magic
   612 | D:5      | Reached skill level 1 in Ice Magic
   612 | D:5      | Reached skill level 1 in Air Magic
   612 | D:5      | Reached skill level 1 in Earth Magic
   612 | D:5      | Reached skill level 1 in Poison Magic
   690 | D:5      | Reached XP level 5. HP: 31/40 MP: 1/12
   713 | D:5      | Noticed a phantom
   723 | D:5      | HP: 1/40 [phantom (8)]
   749 | D:6      | Noticed a water moccasin
   752 | D:6      | Reached skill level 3 in Fighting
   754 | D:6      | HP: 3/41 [water moccasin (7)]
   755 | D:6      | HP: 1/41 [poisoned by a water moccasin]
   756 | D:6      | Quit the game

Skill      XL: |  1  2  3  4  5 |
---------------+----------------+-----
Spellcasting   | 5 |  5.2
Invocations    | 1 |  1.6
Short Blades   | 1 |  1.4
Long Blades    | 1 |  1.4
Axes           | 1 |  1.4
Maces & Flails | 1 |  1.4
Polearms       | 1 |  1.4
Staves         | 1 |  1.4
Slings         | 1 |  1.4
Bows           | 1 |  1.4
Crossbows      | 1 |  1.4
Throwing       | 1 |  1.4
Armour         | 1 |  1.4
Stealth        | 1 |  1.4
Shields        | 1 |  1.4
Evocations     | 1 |  1.4
Conjurations   | 1 |  1.1
Hexes          | 1 |  1.1
Charms         | 1 |  1.1
Summonings     | 1 |  1.1
Necromancy     | 1 |  1.1
Translocations | 1 |  1.1
Fire Magic     | 1 |  1.1
Ice Magic      | 1 |  1.1
Air Magic      | 1 |  1.1
Earth Magic    | 1 |  1.1
Poison Magic   | 1 |  1.1
Fighting       | 3 |  3.0
Dodging        | |  4.8
Unarmed Combat | |  6.7
Transmutations | |  3.9

Action                   |  1- 3 |  4- 6 || total
-------------------------+-------+-------++-------
Melee: Unarmed           |    62 |    21 ||    83
       Kick              |     6 |       ||     6
       Bite              |     1 |       ||     1
 Cast: Beastly Appendage |    10 |       ||    10
       Sticks to Snakes  |     2 |     3 ||     5
       Spider Form       |     4 |     6 ||    10
  Use: Scroll            |       |     6 ||     6
       Potion            |       |     3 ||     3
 Stab: Sleeping          |     3 |     1 ||     4
  Eat: Ration            |       |     1 ||     1
Armor: Robe              |    10 |       ||    10
       Skin              |       |     1 ||     1
Dodge: Dodged            |    32 |    16 ||    48

Table legend:
 A = Turns spent in this place as a percentage of turns spent in the entire game.
 B = Non-inter-level travel turns spent in this place as a percentage of non-inter-level travel turns spent in the entire game.
 C = Inter-level travel turns spent in this place as a percentage of turns spent in this place.
 D = Turns resting spent in this place as a percentage of non-inter-level travel turns spent in this place.
 E = Turns spent auto-exploring this place as a percentage of non-inter-level travel turns spent in this place.
 F = Non-inter-level travel turns spent in this place divided by the number of levels of this place that you've seen.
                   A       B       C       D       E      F
               +-------+-------+-------+-------+-------+----------------------
         Total | 100.0 | 100.0 |   0.0 |   0.0 |   0.0 | 126.0
       Dungeon | 100.0 | 100.0 |   0.0 |   0.0 |   0.0 | 126.0
               +-------+-------+-------+-------+-------+----------------------

Table legend:
 A = Kills in this place as a percentage of kills in entire the game.
 B = Kills by you in this place as a percentage of kills by you in the entire game.
 C = Kills by friends in this place as a percentage of kills by friends in the entire game.
 D = Other kills in this place as a percentage of other kills in the entire game.
 E = Experience gained in this place as a percentage of experience gained in the entire game.
 F = Experience gained in this place divided by the number of levels of this place that you have seen.
                   A       B       C       D       E      F
               +-------+-------+-------+-------+-------+----------------------
         Total | 100.0 | 100.0 | 100.0 |   N/A | 100.0 |  40.2
       Dungeon | 100.0 | 100.0 | 100.0 |   N/A | 100.0 |  40.2
               +-------+-------+-------+-------+-------+----------------------

Vault maps used:
D:1:      grunt_arrival_lava_bath, minmay_small_reverse_x
D:2:      lemuel_doored_altar, minitemple, kennysheep_doodads
D:3:      first_ration, uniq_grinder
D:4:      yredelemnul_altar_generic, minmay_divided_ellipse, uniq_sigmund,
          uniq_ijyb, uniq_robin
D:6:      kennysheep_mini_moat, marbit_many_paths,
          minmay_temple_entry_junction_2
